 Dungeon Crawl Stone Soup version 0.30-a0-748-ge6a52f7cba (webtiles) character file.

Game seed: 9757560513531704527

4 Dittersdorf the Shield-Bearer (level 1, -1/14 HPs)
             Began as a Gargoyle Fighter on Feb 8, 2023.
             Slain by a hobgoblin (3 damage)
             ... on level 1 of the Dungeon.
             The game lasted 00:00:09 (99 turns).

Dittersdorf the Shield-Bearer (Gargoyle Fighter)      Turns: 99, Time: 00:00:09

Health: -1/14      AC:  9    Str: 19    XL:     1   Next: 60%
Magic:  1/1        EV:  9    Int:  8    God:
Gold:   13         SH:  4    Dex:  9    Spells: 0/0 levels left

rFire   . . .      SeeInvis .    a - +0 flail
rCold   . . .      Faith    .    c - +0 buckler
rNeg    + . .      Spirit   .    b - +0 scale mail
rPois   ∞          Reflect  .    (no helmet)
rElec   +          Harm     .    (no cloak)
rCorr   .          Rampage  .    (no gloves)
Will    .....                    (no boots) Stlth
                                 (no amulet)
HPRegen 0.22/turn                (no ring)
MPRegen 0.07/turn                (no ring)

@: no status effects
A: sickness immunity, AC +2, negative energy resistance 1, electricity
resistance, torment resistance 1, petrification resistance
a: no special abilities


You were on level 1 of the Dungeon.
You visited 1 branch of the dungeon, and saw 1 of its levels.

You collected 13 gold pieces.

Inventory:

Hand Weapons
 a - a +0 flail (weapon)
Armour
 b - a +0 scale mail (worn)
 c - a +0 buckler (worn)
Potions
 d - a potion of might
 e - a potion of haste {unknown}
 f - a potion of invisibility {unknown}


   Skills:
 + Level 3.3 Fighting
 + Level 2.1 Maces & Flails
 + Level 3.3 Armour
 + Level 3.3 Shields


You couldn't memorise any spells.
You didn't know any spells.
Your spell library was empty.

Dungeon Overview and Level Annotations

Branches:
Dungeon (1/15)

Altars:


Innate Abilities, Weirdness & Mutations

You are immune to sickness and miasma.
Your stone body is resilient. (AC +2)
You are immune to poison.
You resist negative energy. (rN+)
You are resistant to electric shocks. (rElec)
You are resistant to unholy torment.
You are immune to petrification.


Message History

You are too injured to fight recklessly!
You are too injured to fight recklessly!
You are too injured to fight recklessly!
You are too injured to fight recklessly!
You are too injured to fight recklessly!
You are too injured to fight recklessly!
You are too injured to fight recklessly!
You are too injured to fight recklessly!
You are too injured to fight recklessly!
You are too injured to fight recklessly!
You are too injured to fight recklessly!
You are too injured to fight recklessly!
You are too injured to fight recklessly!
You thump the jackal!
You kill the jackal!
You block the hobgoblin's attack. The jackal bites you.
You closely miss the jackal.
The jackal bites you but does no damage.
The hobgoblin closely misses you. The jackal barely misses you.
The hobgoblin hits you but does no damage.
You closely miss the jackal.
The jackal bites you but does no damage.
The hobgoblin closely misses you.
The jackal bites you but does no damage.
You barely miss the jackal. The jackal closely misses you.
The hobgoblin closely misses you. The jackal barely misses you.
You closely miss the jackal. The jackal barely misses you.
The hobgoblin hits you but does no damage.
The hobgoblin barely misses you. You block the jackal's attack.
You barely miss the jackal. You block the jackal's attack.
The hobgoblin misses you.
You closely miss the jackal. The jackal barely misses you.
The jackal bites you but does no damage.
You block the hobgoblin's attack.
You hit the jackal.
The jackal is heavily wounded.
The jackal bites you. You block the hobgoblin's attack. The jackal bites you.
* * * LOW HITPOINT WARNING * * *
The hobgoblin hits you.
You die...

+.........# ##.........#
#..........# #.......... ........
...g[ #hg#
################@################
................................#
................................#
..##...####...#####...#######...#
..##...# #...# #...# #...#
.......####...# #...# #...#
.....>........#####...# #...#
......................#######...#
..#######..............[........#


You could see a jackal and 2 hobgoblins.

Vanquished Creatures
  3 jackals (D:1)
3 creatures vanquished.

Notes
Turn   | Place    | Note
-------+----------+-------------------------------------------
     0 | D:1      | Dittersdorf the Gargoyle Fighter began the quest for the
                  | Orb.
     0 | D:1      | Reached XP level 1. HP: 14/14 MP: 1/1
    99 | D:1      | Slain by a hobgoblin

Illustrated notes

Levels and vault maps discovered:
D:1:      dpeg_arrival_boxorama, layout_basic, hangedman_decor_diamond_cutter

Action                     || total
---------------------------++-------
  Melee: Flail             ||    15
 Armour: Scale mail        ||    13
  Dodge: Dodged            ||    16
  Block: Buckler           ||     7

Table legend: (Time is in decaauts)
 A = Elapsed time spent in this place.
 B = Non-inter-level travel time spent in this place.
 C = Inter-level travel time spent in this place.
 D = Time resting spent in this place.
 E = Time spent auto-exploring this place.
 F = Levels seen in this place.
 G = Mean time per level.
                   A        B        C        D        E       F      G
               +--------+--------+--------+--------+--------+-----+--------+
         Total |    103 |    103 |      0 |      0 |     76 |   1 |  103.0 |
       Dungeon |    103 |    103 |      0 |      0 |     76 |   1 |  103.0 |
               +--------+--------+--------+--------+--------+-----+--------+

Top non-repeatable levels by time:
     D:1: 103 daAuts
